 Dungeon Crawl Stone Soup version 0.31-a0-167-g1c394c0614 (webtiles) character file.

Game seed: 7563997105611558778

63 qw the Chopper (level 4, -1/28 HPs)
             Began as a Gargoyle Fighter on June 14, 2023.
             Slain by a gnoll
             ... wielding a +2 antimagic halberd
              (5 damage)
             ... on level 2 of the Dungeon.
             The game lasted 00:00:34 (824 turns).

qw the Chopper (Gargoyle Fighter)                    Turns: 824, Time: 00:00:34

Health: -1/28      AC: 15    Str: 21    XL:     4   Next: 9%
Magic:  1/4        EV:  5    Int:  9    God:
Gold:   28         SH:  4    Dex:  9    Spells: 3/3 levels left

rFire   . . .        Y - +1 war axe
rCold   . . .        c - +0 buckler
rNeg    + . .        g - +0 plate armour
rPois   inf          (no helmet)
rElec   +            (no cloak)
rCorr   .            (no gloves)
SInv    .            (no boots)
Will    .....        (no amulet) Stlth
                     (no ring)
HPRegen 0.24/turn    (no ring)
MPRegen 0.09/turn

%: no passive effects
@: no status effects
A: sickness immunity, AC +3, negative energy resistance 1, electricity
resistance, torment resistance 1, petrification resistance
a: no special abilities


You were on level 2 of the Dungeon.
You visited 1 branch of the dungeon, and saw 2 of its levels.

You collected 28 gold pieces.


Innate Abilities, Weirdness & Mutations

You are immune to sickness and miasma.
Your stone body is resilient. (AC +3)
You are immune to poison.
You resist negative energy. (rN+)
You are resistant to electric shocks. (rElec)
You are resistant to unholy torment.
You are immune to petrification.


   Skills:
 - Level 3.2 Fighting
 + Level 3.9 Axes
 - Level 3.2 Armour
 - Level 3.2 Shields


You had 3 spell levels left.
You didn't know any spells.
Your spell library was empty.

Inventory:

Hand Weapons
 i - a +0 whip
 Y - a +1 war axe (weapon)
Armour
 c - a +0 buckler (worn)
 g - a +0 plate armour (worn)
Scrolls
 a - 3 scrolls of identify
 f - a scroll of noise {unknown}
Potions
 b - a potion of degeneration {unknown}
 d - 2 potions of might
 e - a potion of haste {unknown}

Dungeon Overview and Level Annotations

Branches:
Dungeon (2/15)

Altars:
Xom


Message History

The gnoll hits you from afar with a +0 spear.
The gnoll hits you but does no damage.
You slash the gnoll!
You kill the gnoll!
You hit the hobgoblin.
The gnoll hits you from afar with a +0 spear.
The hobgoblin hits you. You block the gnoll's attack.
The hobgoblin closely misses you.
You have reached level 4!
You feel clever.
You barely miss the hobgoblin.
The hobgoblin is heavily wounded.
The hobgoblin hits you but does no damage.
The gnoll barely misses you.
You completely miss the hobgoblin.
The hobgoblin is heavily wounded.
The hobgoblin hits you. The gnoll hits you but does no damage.
You hit the hobgoblin.
You kill the hobgoblin!
The gnoll hits you but does no damage. The gnoll barely misses you.
The gnoll hits you from afar with a +2 antimagic halberd.
You feel your power leaking away. The gnoll barely misses you.
Enter note:
Enter note:
Enter note:
Enter note:
Enter note:
Enter note:
Enter note:
Enter note:
Enter note:
Enter note:
Enter note:
Enter note: You closely miss the gnoll.
The gnoll hits you but does no damage.
You slash the gnoll!
The gnoll is almost dead.
The gnoll hits you from afar with a +2 antimagic halberd.
You die...

##.#.#.#.####
.....#.##...
.#P#.#.#....# #.. #....
_#.#.#.#.##.## #.. #.###
.#.#P#.......###.# #...#
##P#.#........##.# ###.#
..#.#P.....[..##.# .
#...# ##.#..........##g#
.. #.##.
..#P..........##.###.###
#.##.
##...####%.....#@g.....#
#.... .)...#
#........).....# ####.
.....# #..._..#.......#
# #. .....#
#......#.......#
#...###. .....#
#......#.......#
........ .....#
#.....##>......#
#...###. ...).#
#..............# #. #.
.......................#
#.
..................######
#.


You could see 2 gnolls.

Vanquished Creatures
  A gnoll (D:2)
  2 adders (D:2)
  A dart slug (D:2)
  6 bats
  3 endoplasms
  2 giant cockroaches (D:1)
  4 goblins
  3 hobgoblins
  3 kobolds
  2 ball pythons (D:1)
  2 frilled lizards
  3 rats
32 creatures vanquished.

Notes
Turn   | Place    | Note
-------+----------+-------------------------------------------
     0 | D:1      | qw the Gargoyle Fighter began the quest for the Orb.
     0 | D:1      | Reached XP level 1. HP: 14/14 MP: 1/1
     0 | D:1      | 0 ||| qw: Version: 0.2-a-29-g1fa15c8
     0 | D:1      | 0 ||| qw: Game counter: 4909
     0 | D:1      | 0 ||| qw: Always use a shield: true
     0 | D:1      | 0 ||| qw: God list: Okawaru
     0 | D:1      | 0 ||| qw: Allow faded altars: false
     0 | D:1      | 0 ||| qw: Do Orc after D:15 true
     0 | D:1      | 0 ||| qw: Do second Lair branch before Depths: true
     0 | D:1      | 0 ||| qw: Lair rune preference: random
     0 | D:1      | 0 ||| qw: Plans: Normal, Zot:1-4, Slime:5, God:TSO, Crypt,
                  | Tomb, Abyss, Pan, Hells, Win
     0 | D:1      | 0 ||| PLANNING D:1-11
    14 | D:1      | 14 ||| Stepping ~*~*~tactically~*~*~ (stealth).
    16 | D:1      | 16 ||| Stepping ~*~*~tactically~*~*~ (hiding).
   114 | D:1      | Reached XP level 2. HP: 12/19 MP: 2/2
   331 | D:1      | 331 ||| DROPPING +0 club.
   432 | D:1      | Reached skill level 3 in Axes
   443 | D:1      | 443 ||| UPGRADING to +0 plate armour.
   453 | D:1      | 453 ||| DROPPING +0 scale mail.
   454 | D:1      | 454 ||| READING 3 scrolls labelled AHUTAD OTHROYTO.
   455 | D:1      | 455 ||| READING scroll labelled JYSEG TYUPA.
   504 | D:2      | Reached XP level 3. HP: 22/23 MP: 3/3
   504 | D:2      | 504 ||| Stepping ~*~*~tactically~*~*~ (hiding).
   547 | D:2      | 547 ||| Stepping ~*~*~tactically~*~*~ (stealth).
   755 | D:2      | Found a faded altar of an unknown god.
   800 | D:2      | Found a shimmering altar of Xom.
   812 | D:2      | 812 ||| Stepping ~*~*~tactically~*~*~ (hiding).
   819 | D:2      | Reached XP level 4. HP: 8/28 MP: 4/4
   820 | D:2      | HP: 7/28 [hobgoblin (2)]
   822 | D:2      | HP: 3/28 [gnoll/+2 antimagic halberd (4)]
   824 | D:2      | Slain by a gnoll

Levels and vault maps discovered:
D:1:      tarquinn_simple_flora_water_b, layout_rooms
D:2:      layout_basic, shapermc_ecumenical_altar_rom_forum, basic_altar,
          grunt_ministairs_2

Skill      XL: |  1  2 |
---------------+-------+-----
Axes           | 2 3 |  3.9
Fighting       | |  3.2
Armour         | |  3.2
Shields        | |  3.2

Action                     |  1- 3 |  4- 6 || total
---------------------------+-------+-------++-------
  Melee: War axe           |    85 |     5 ||    90
    Use: Scroll            |     2 |       ||     2
 Armour: Scale mail        |    27 |       ||    27
         Plate armour      |    29 |     4 ||    33
  Dodge: Dodged            |    32 |     3 ||    35
  Block: Buckler           |    19 |       ||    19

Table legend:
 A = Non-vault XP
 B = Vault XP
 C = Vault XP percentage of total XP
 D = Non-vault monster count
 E = Vault monster count
 F = Vault count percentage of total count
                 A         B        C        D         E       F
            +---------+---------+-------+---------+---------+-------
      Total |      87 |       3 |   3.3 |      30 |       2 |   6.2
            +---------+---------+-------+---------+---------+-------
        D:1 |      30 |       0 |   0.0 |      17 |       0 |   0.0
        D:2 |      57 |       3 |   5.0 |      13 |       2 |  13.3
            +---------+---------+-------+---------+---------+-------
